 Dungeon Crawl Stone Soup version 0.17-a0-1655-g88a8506 (webtiles) character file.

1563 kae the Destroyer (level 8, 0/41 HPs)
             Began as a Tengu Fire Elementalist on Aug 15, 2015.
             Slain by an orc wizard
             ... wielding a +0 dagger
              (2 damage)
             ... on level 6 of the Dungeon.
             The game lasted 00:09:13 (6743 turns).

kae the Destroyer (Tengu Fire Elementalist)         Turns: 6743, Time: 00:09:14

Health: 0/41       AC:  5    Str:  8    XL:     8   Next: 89%
Magic:  16/16      EV: 18    Int: 18    God:
Gold:   213        SH:  0    Dex: 20    Spells: 5 memorised, 5 levels left

rFire  . . .     SeeInvis .     e - +1 spear
rCold  . . .     Clarity  .     r - +2 robe {rN+}
rNeg   + . .     SustAt   .     (no shield)
rPois  .         Gourm    .     (helmet restricted)
rElec  .         Spirit   .     (no cloak)
rCorr  .         Warding  .     (no gloves)
rMut   .         Stasis   .     (boots unavailable)
MR     .....                    (no amulet)
Stlth  ++........               (no ring)
                                (no ring)

@: confused, agile, not resistant to hostile enchantments, unstealthy
A: beak, talons 3, shaggy fur 1, spit poison 2, able to fly 1
a: Spit Poison, Fly


You were on level 6 of the Dungeon.
You were very hungry.

You visited 1 branch of the dungeon, and saw 6 of its levels.

You collected 213 gold pieces.

Inventory:

Hand weapons
 e - a +1 spear (weapon)
Armour
 a - a +0 robe
 r - a +2 robe of positive energy (worn)
Scrolls
 f - 2 scrolls of enchant armour
 j - a scroll of teleportation
 k - a scroll of remove curse
 o - a scroll of identify
Potions
 h - a potion of cancellation
 l - a potion of lignification
 n - a potion of degeneration {unknown}
 q - a potion of curing {unknown}
 u - a potion of poison {unknown}
 w - a potion of flight {unknown}
 x - 2 potions of mutation
 A - a potion of brilliance {unknown}
Books
 b - a book of Flames

   Spells                             Type                      Level
   a - Flame Tongue                   Conjuration/Fire             1
   b - Throw Flame                    Conjuration/Fire             2
   c - Conjure Flame                  Conjuration/Fire             3
   d - Inner Flame                    Hexes/Fire                   3
   e - Sticky Flame                   Conjuration/Fire             4
   f - Fireball                       Conjuration/Fire             5
 p - a book of Minor Magic

   Spells                             Type                      Level
   a - Magic Dart                     Conjuration                  1
   b - Blink                          Translocation                2
   c - Call Imp                       Summoning                    2
   d - Repel Missiles                 Charms/Air                   2
   e - Slow                           Hexes                        2
   f - Conjure Flame                  Conjuration/Fire             3
   g - Mephitic Cloud                 Conjuration/Poison/Air       3
Comestibles
 c - 4 bread rations
 d - 2 slices of pizza
 g - a royal jelly
 i - 3 fruits
 t - a meat ration
 v - 2 beef jerkies


   Skills:
 - Level 2.1 Dodging
 - Level 2.0 Stealth
 + Level 4.9 Spellcasting
 * Level 9.0 Conjurations
 * Level 8.1 Fire Magic


You had 5 spell levels left.
You knew the following spells:

 Your Spells              Type           Power        Failure   Level  Hunger
a - Flame Tongue          Conj/Fire      #####        1%          1    None
b - Throw Flame           Conj/Fire      #####.       1%          2    #......
c - Conjure Flame         Conj/Fire      #####...     1%          3    ###....
d - Sticky Flame          Conj/Fire      #####...     4%          4    ####...
e - Magic Dart            Conj           ####         1%          1    None


Dungeon Overview and Level Annotations

Branches:
Dungeon (6/15)
 Temple: D:4-7

Altars:
Fedhas
Okawaru
Ru
Sif Muna
Trog
Jiyva

Annotations:
D:2 Sigmund
D:6 cireshan's ghost, experienced DECj


Innate Abilities, Weirdness & Mutations

You have a beak for a mouth.
You have claws for feet.
You can fly.
You are covered in fur (AC +1).
You can spit poison.


Message History

The spray of energy misses you. Something hits you but does no damage.
Cireshan's ghost gestures at you while chanting.
The spray of energy hits you!
* * * LOW HITPOINT WARNING * * *
You are confused.
You're too confused to move!
Cireshan's ghost hits you but does no damage.
Something hits you but does no damage.
Unknown command.
You're too confused!
Unknown command.
Drink which item? (? for menu, Esc to quit)
It was a potion of agility.
You feel agile all of a sudden. Cireshan's ghost hits you.
* * * LOW HITPOINT WARNING * * *
Cireshan's ghost burns you.
* * * LOW HITPOINT WARNING * * *
Something hits you.
You die...

##....# #......#
#......## ..#
#.......# ..# .
...... ...# #..
#.... ...# ###
....##..### #..#
#<#
..........####..#
#.#
...$.....W@.....#
#.#
......#######.#.#
#.# ##### #...#
#.# ###.# #.# #.#
#.# #.# #.# #<#
#)# #.# #.# #.#
#.#


You could see cireshan's ghost.

Vanquished Creatures
  Grinder (D:3)
  Eustachio (D:4)
  2 ice beasts (D:5)
  3 ogres
  A centaur (D:5)
  A scorpion (D:4)
  A jelly (D:5)
  A hound (D:5)
  An orc priest (D:3)
  3 orc wizards
  Jessica (D:2)
  3 iguanas
  4 worker ants
  7 adders
  3 hound skeletons
  4 gnolls (D:3)
  5 oozes
  4 worms
  An adder skeleton (D:5)
  7 giant geckos
  13 orcs
  A ball python (D:3)
  9 bats
  4 giant cockroaches
  6 goblins
  5 hobgoblins
  3 jackals (D:1)
  9 kobolds
  4 quokkas
  A giant gecko skeleton (D:4)
  2 giant newts
  A quokka skeleton (D:5)
  7 rats
119 creatures vanquished.

Notes
Turn   | Place    | Note
--------------------------------------------------------------
     0 | D:1      | kae the Tengu Fire Elementalist began the quest for the Orb.
     0 | D:1      | Reached XP level 1. HP: 10/10 MP: 4/4
     4 | D:1      | Found an iron altar of Okawaru.
    59 | D:1      | Reached XP level 2. HP: 15/15 MP: 6/6
   520 | D:1      | Reached XP level 3. HP: 19/19 MP: 2/7
   524 | D:1      | Learned a level 2 spell: Throw Flame
   528 | D:1      | Learned a level 3 spell: Conjure Flame
   798 | D:2      | Found a deep blue altar of Sif Muna.
   801 | D:2      | Noticed Sigmund
  1034 | D:2      | Found a sacrificial altar of Ru.
  1047 | D:2      | Reached skill level 4 in Fire Magic
  1047 | D:2      | Reached XP level 4. HP: 18/24 MP: 1/9
  1414 | D:2      | You fall through a shaft for 2 floors!
  1858 | D:2      | Gained mutation: You can fly. [Tengu growth]
  1858 | D:2      | Reached XP level 5. HP: 25/28 MP: 7/10
  1925 | D:2      | Noticed Jessica
  1929 | D:2      | Killed Jessica
  2496 | D:3      | Found a blossoming altar of Fedhas.
  2531 | D:3      | Noticed Grinder
  2543 | D:3      | Killed Grinder
  2543 | D:3      | Reached skill level 5 in Conjurations
  2543 | D:3      | Reached skill level 5 in Fire Magic
  2543 | D:3      | Reached XP level 6. HP: 30/32 MP: 4/11
  3388 | D:3      | Reached XP level 7. HP: 36/36 MP: 8/13
  3572 | D:4      | Learned a level 4 spell: Sticky Flame
  3575 | D:4      | Learned a level 1 spell: Magic Dart
  3856 | D:3      | Reached skill level 6 in Fire Magic
  4571 | D:4      | Noticed an ogre
  4584 | D:4      | Killed an ogre
  4825 | D:4      | Noticed Eustachio
  4834 | D:4      | Killed Eustachio
  4834 | D:4      | Reached skill level 7 in Conjurations
  4834 | D:4      | Reached XP level 8. HP: 41/41 MP: 5/15
  4969 | D:4      | Noticed an ogre
  4976 | D:4      | Killed an ogre
  5221 | D:5      | Entered Level 5 of the Dungeon
  5242 | D:5      | Found a viscous altar of Jiyva.
  5257 | D:5      | Reached skill level 8 in Conjurations
  5526 | D:5      | Gained mutation: You can spit weak poison. [potion of mutation]
  5526 | D:5      | Gained mutation: You can spit poison. [potion of mutation]
  5526 | D:5      | Gained mutation: You are covered in fur (AC +1). [potion of mutation]
  5587 | D:5      | Found a bloodstained altar of Trog.
  5936 | D:5      | Reached skill level 9 in Conjurations
  6726 | D:6      | Noticed cireshan's ghost (experienced DECj)
  6743 | D:6      | HP: 2/41 [cireshan's ghost (1)]
  6743 | D:6      | Slain by an orc wizard

Vault maps used:
D:1:      dpeg_arrival_tiny_f, okawaru_ov_weapons_minmay
D:2:      nicolae_overflow_crystal_walls, nicolae_ru_great_annihilating_truth,
          kennysheep_generic_room_12, uniq_jessica, uniq_sigmund
D:3:      fedhas_altar_4, uniq_grinder
D:4:      grunt_decor_mini_mirrors, uniq_eustachio
D:5:      bloody_trog, first_bread, hangedman_decor_lopped, jiyva_altar_1
D:6:      minmay_flawed_box, grunt_qazlal_clouds,
          hangedman_abyss_or_decor_stagger, grunt_ministairs_15,
          corexii_hall_statues_s, hangedman_decor_points, uniq_duvessa

Action                   |  1- 3 |  4- 6 |  7- 9 || total
-------------------------+-------+-------+-------++-------
Melee: Spear             |    50 |    43 |    29 ||   122
       Unarmed           |     2 |       |       ||     2
 Cast: Flame Tongue      |    35 |    49 |   117 ||   201
       Throw Flame       |     2 |    16 |    19 ||    37
       Conjure Flame     |       |     1 |     3 ||     4
       Sticky Flame      |       |       |     2 ||     2
  Use: Scroll            |       |     7 |     6 ||    13
       Potion            |       |       |     4 ||     4
 Stab: Sleeping          |     4 |     4 |     1 ||     9
       Distracted        |       |     1 |       ||     1
  Eat: Chunk             |     1 |     8 |    11 ||    20
